[Event "Biel DQA Blitzn"]
[Site "Biel/Bienne, Switzerland"]
[Date "2022.07.17"]
[Round "12.3"]
[White "Zhuang, Yongzhe"]
[Black "Moracchini, Margaux"]
[Result "0-1"]
[TimeControl "3 min + 2 sec"]
[WhiteElo "1681"]
[BlackElo "1825"]

1. e4 c5 2. c3 g6 3. d4 cxd4 4.
cxd4 d5 5. exd5 Nf6 6. Nf3 Bg7 7.
Nc3 O-O 8. Bc4 Nbd7 9. O-O Nb6 10. Bb3 Nfxd5 11. h3 Bf5 12. Re1 Rc8 13. Bd2 Nxc3 14. bxc3 Nc4 15. Bg5 Re8 16. Qe2 Be6 17. Rad1 h6 18.
Bc1 Bd5 19. Ne5 b5 20. a4 a6 21. axb5 axb5 22. Nd3 Qc7 23. Nb4 Bb7 24. Qg4 e6 25. Bf4 Qb6 26. Qg3 Na5 27. Bc2 Nc4 28. Bd3 Nb2 29. Rc1 Nxd3 30.
Nxd3 Bd5 31. Ne5 Qb7 32. Ng4 Kh7 33. Be5 f5 34. Nf6+ Bxf6 35. Bxf6 Qc7 36. Be5 Qf7 37. Rcd1 g5 38. h4 f4 39. Qd3+ Qg6 40.
hxg5 Qxd3 41. Rxd3 hxg5 42. Rh3+ Kg6 43. Rd3 Ra8 44. f3 Ra2 45. Rdd1 Rc2 46. Rc1 Ra2 47. Bd6 Rea8 48. Bb4 Rd2 49. Kh1 Rh8+ 50. Kg1 Rb2 0-1

[Event "Biel DQA Blitzn"]
[Site "Biel/Bienne, Switzerland"]
[Date "2022.07.17"]
[Round "12.4"]
[White "Tamrazyan, Gohar"]
[Black "Ciarletta, Iris"]
[Result "0-1"]
[TimeControl "3 min + 2 sec"]
[WhiteElo "1733"]
[BlackElo "1481"]

1. d4 Nf6 2. Nc3 d5 3. Bf4 e6 4. Nb5 Na6 5. e3 Bd7 6. Nf3 c6 7. Nc3 Nc7 8.
Ne5 Bb4 9. Bd3 Nb5 10. Qd2 Ne4 11. Bxe4 dxe4 12. a3 Bxc3 13. bxc3 f6 14. Nc4 O-O 15. O-O Nc7 16. Nd6 f5 17.
Nxb7 Qc8 18. Nc5 Nd5 19. Bd6 Rd8 20. c4 Nb6 21. Qb4 Be8 22. Be5 Bf7 23. a4 Nd7 24. Nxd7 Rxd7 25. Rfd1 Rb7 26.
Qc5 h6 27. Rab1 a6 28. Rb3 Raa7 29. Rdb1 Rxb3 30. cxb3 Rb7 31. Qa3 Qd7 32. b4 g5 33. b5 axb5 34. axb5 cxb5 35. Qa8+ Kh7 36. Qh8+ Kg6 37. Qg7+ Kh5 38.
h3 bxc4 39. Rf1 Bg6 40. Qh8 Qe8 41. g4+ fxg4 42. hxg4+ Kxg4 43. Qxh6 Rh7 44. f3+ exf3 0-1

[ePGN "0.1;DGT LiveChess/2.2.5"]

[Event "Biel DQA Blitzn"]
[Site "Biel/Bienne, Switzerland"]
[Date "2022.07.17"]
[Round "13.1"]
[White "Tamrazyan, Gohar"]
[Black "Cornileau, Juliette"]
[Result "0-1"]
[TimeControl "3 min + 2 sec"]
[WhiteElo "1733"]
[BlackElo "1653"]

1. d4 Nf6 2. Nc3 d5 3. Bf4 e6 4. Nb5 Na6 5. e3 c6 6. Nc3 Nc7 7. a3 Bd6 8. Nh3 O-O 9. Bd3 Re8 10. O-O Qe7 11. Kh1 e5 12. dxe5 Bxe5 13.
Bxe5 Qxe5 14. Nf4 d4 15. Nce2 dxe3 16. fxe3 Qxe3 17. Rf3 Qc5 18. h3 Be6 19. Nxe6 Nxe6 20. Nf4 Ng5 21. Rg3 Nge4 22. Bxe4 Nxe4 23. Rf3 Nf2+ 24. Rxf2 Qxf2 25. Nd3 Qg3 26. Qf3 Qxf3 27. gxf3 Re2 28. Rc1 Rae8 29. f4 f6 30. b4 R8e3 31.
Nc5 Rxh3+ 32. Kg1 b6 33.
Nd3 Rhh2 34. a4 Rhg2+ 35. Kf1 Rxc2 36. Rxc2 Rxc2 37. a5 bxa5 38. bxa5 Ra2 39. Nb4 Rxa5 40. Nxc6 Ra4 0-1

[Event "Biel DQA Blitzn"]
[Site "Biel/Bienne, Switzerland"]
[Date "2022.07.17"]
[Round "13.2"]
[White "Ciarletta, Iris"]
[Black "Zhuang, Yongzhe"]
[Result "1-0"]
[TimeControl "3 min + 2 sec"]
[WhiteElo "1481"]
[BlackElo "1681"]

1. d4 d5 2. c4 dxc4 3. e4 b5 4. Nf3 Bb7 5. Nbd2 e6 6. a4 a6 7. axb5 axb5 8.
Rxa8 Bxa8 9. Qc2 Nc6 10. b3 Nxd4 11. Nxd4 Qxd4 12. Bb2 Qd8 13. bxc4 b4 14. c5 c6 15. f3 Nf6 16. Be2 Be7 17.
O-O O-O 18. Rb1 Qa5 19. Nb3 Qc7 20. Bc1 Nd7 21. Be3 Ne5 22. Nd2 Qa5 23. Nc4 Nxc4 24. Qxc4 Rb8 25. Bf4 Rd8 26. Be3 Rb8 27.
Rb2 Qa1+ 28. Qc1 Qa3 29. Bc4 Bf6 30. Rb1 Qxc1+ 31. Rxc1 b3 32. Rb1 b2 33. Kf2 h6 34. f4 e5 35. f5 Rb4 36. Bd3 Rb3 37. Ke2 Bb7 38. Bc4 Rb4 39. Bd3 Bc8 40.
Bd2 Rb3 41. Bc4 Rb4 42. Bxb4 1-0

[Event "Biel DQA Blitzn"]
[Site "Biel/Bienne, Switzerland"]
[Date "2022.07.17"]
[Round "13.3"]
[White "Moracchini, Margaux"]
[Black "Avilova, Yulia"]
[Result "0-1"]
[TimeControl "3 min + 2 sec"]
[WhiteElo "1825"]
[BlackElo "1597"]

1. e4 c5 2. c3 d6 3. d4 cxd4 4.
cxd4 Nf6 5. Nc3 e6 6. g3 a6 7. a4 Be7 8. Bg2 O-O 9. Nge2 Qc7 10. O-O Nc6 11.
h3 b6 12. Be3 Bb7 13. f4 e5 14. d5 Nb8 15. fxe5 dxe5 16. Rc1 Qd8 17. Qb3 Nbd7 18. Kh2 Nc5 19. Qc2 Rc8 20. g4 Qd7 21.
Ng3 b5 22. axb5 axb5 23. Qe2 b4 24. Bxc5 Bxc5 25. Nd1 Qd6 26. g5 Ba6 27. Qf3 Bxf1 28. gxf6 Bxg2 29. Qxg2 Qxf6 30. Nh5 Qh6 31. Ng3 Qxc1 32. Nf5 Qf4+ 33.
Kh1 g5 34. h4 f6 35. hxg5 fxg5 36. Nh6+ Kh8 37. b3 Qh4+ 38. Qh2 Rf1+ 39. Kg2 Rg1+ 40. Qxg1 Bxg1 41. Kxg1 0-1

[Event "Biel DQA Blitzn"]
[Site "Biel/Bienne, Switzerland"]
[Date "2022.07.17"]
[Round "13.4"]
[White "Sumarriva Paulin, Laura"]
[Black "Keymer, Cecilia"]
[Result "1-0"]
[TimeControl "3 min + 2 sec"]
[WhiteElo "1886"]
[BlackElo "1652"]

1. e4 e5 2. Bc4 Nc6 3.
d3 Bc5 4. Nf3 Nf6 5. c3 a6 6. h3 d6 7. Bb3 Ba7 8. Nbd2 h6 9. Nf1 Ne7 10. Ng3 Ng6 11. O-O O-O 12. d4 exd4 13.
cxd4 Re8 14. Re1 Be6 15. Qc2 Bxb3 16. Qxb3 Rb8 17. Bd2 Qd7 18. Bc3 Re7 19. Rad1 b5 20. e5 Ne8 21. a3 c5 22.
exd6 Rxe1+ 23. Rxe1 Qxd6 24. Nf5 Qd7 25. g4 cxd4 26. Bxd4 Bxd4 27. N3xd4 Nf6 28. Qb4 Rd8 29. Nf3 Nf4 30.
Kh2 Qd5 31. Ne7+ Kh7 32. Nxd5 N4xd5 33. Qc5 Rb8 34. Ne5 Nf4 35. Nxf7 Rf8 36. Ne5 Re8 37. Nf3 Rxe1 38. Nxe1 Ne2 39. Nf3 Nf4 40. Qf5+ Ng6 41.
Nh4 1-0

[ePGN "0.1;DGT LiveChess/2.2.5"]

[Event "Biel DQA Blitzn"]
[Site "Biel/Bienne, Switzerland"]
[Date "2022.07.17"]
[Round "14.1"]
[White "Cornileau, Juliette"]
[Black "Sumarriva Paulin, Laura"]
[Result "0-1"]
[TimeControl "3 min + 2 sec"]
[WhiteElo "1653"]
[BlackElo "1886"]

1. d4 d5 2. c4 dxc4 3. e4 e5 4. d5 Nf6 5. Nc3 Bb4 6. Qc2 c6 7. dxc6 Nxc6 8. Bxc4 O-O 9. a3 Ba5 10.
Nge2 Nd4 11. Qd3 Nxe2 12. Qxe2 Qc7 13. O-O Be6 14. Bxe6 fxe6 15. Nb5 Qc6 16. Re1 Bxe1 0-1

[Event "Biel DQA Blitzn"]
[Site "Biel/Bienne, Switzerland"]
[Date "2022.07.17"]
[Round "14.2"]
[White "Keymer, Cecilia"]
[Black "Moracchini, Margaux"]
[Result "0-1"]
[TimeControl "3 min + 2 sec"]
[WhiteElo "1652"]
[BlackElo "1825"]

1. d4 Nf6 2. c4 g6 3. g3 Bg7 4. Bg2 d6 5. Nc3 O-O 6. Nf3 Nc6 7. O-O Bf5 8. Nh4 Bd7 9. e4 e5 10.
Nf3 Bg4 11. d5 Nd4 12. h3 Bxf3 13. Bxf3 h5 14. Bg2 Nd7 15. Be3 c5 16. Qd2 Bf6 17. Rfe1 Re8 18. Rad1 Nf8 19. Bxd4 exd4 20.
Ne2 Bg5 21. Qd3 Nd7 22. Qb3 b6 23. Nf4 Ne5 24. Qc2 Qf6 25. Nd3 Bh6 26. Nxe5 Qxe5 27. Rd3 Bg7 28. Rf3 Re7 29. Ra3 Rae8 30.
Qd3 Bh6 31. Kh1 Qf6 32. Kg1 Bg5 33. f4 Bh6 34. Qf3 h4 35.
Kh2 0-1

[Event "Biel DQA Blitzn"]
[Site "Biel/Bienne, Switzerland"]
[Date "2022.07.17"]
[Round "14.3"]
[White "Avilova, Yulia"]
[Black "Ciarletta, Iris"]
[Result "0-1"]
[TimeControl "3 min + 2 sec"]
[WhiteElo "1597"]
[BlackElo "1481"]

1. Nf3 d5 2. c4 d4 3. e3 dxe3 4.
fxe3 c5 5. d4 cxd4 6. exd4 g6 7.
b3 Bg7 8. Bb2 Nc6 9. Be2 Bg4 10. O-O Nf6 11.
d5 Nb8 12. Nbd2 Nbd7 13. Rc1 O-O 14. Qc2 Rc8 15. Ne4 Nxe4 16. Bxg7 Kxg7 17. Qxe4 Nf6 18. Qe3 a6 19. Rfd1 Qa5 20.
Qd2 Qb6+ 21. Kh1 Ne4 22. Qd4+ Qxd4 23. Rxd4 Nf6 24. c5 Rfd8 25. Bc4 Bxf3 26. gxf3 Rxc5 27. Rcd1 Rd6 28. b4 Rc8 29. a4 Nd7 30.
a5 Ne5 31. Be2 Rc2 32. R4d2 Rc8 33. Kg2 Rcd8 34. f4 Nd7 35. Bc4 Nf6 36. Kf3 e6 37. b5 exd5 38. bxa6 bxa6 39. Rd4 h5 40.
Ke2 Re8+ 41. Kd2 dxc4 42. Rxd6 Ne4+ 43. Kc2 Nxd6 44. Rxd6 Re2+ 45. Kc3 Rxh2 46. Rxa6 Ra2 47. Ra8 h4 48. Rd8 Ra3+ 0-1

[Event "Biel DQA Blitzn"]
[Site "Biel/Bienne, Switzerland"]
[Date "2022.07.17"]
[Round "14.4"]
[White "Zhuang, Yongzhe"]
[Black "Tamrazyan, Gohar"]
[Result "1-0"]
[TimeControl "3 min + 2 sec"]
[WhiteElo "1681"]
[BlackElo "1733"]

1. e4 c5 2. c3 d5 3. exd5 Qxd5 4.
d4 Nc6 5. Nf3 Bg4 6. dxc5 Qxd1+ 7. Kxd1 O-O-O+ 8. Nbd2 e5 9. b4 e4 10. h3 Bxf3+ 11. gxf3 exf3 12. Kc2 Nf6 13. Nxf3 Be7 14. Be3 Nd5 15.
Bd2 Bf6 16. Bc4 Rhe8 17. Rae1 Re7 18. Rxe7 Ncxe7 19. a4 Nc6 20. Rd1 Ne5 21. Nxe5 Bxe5 22. Bg5 f6 23. Bxd5 fxg5 24. Bxb7+ Kc7 25. Rxd8 Kxd8 26. Be4 h5 27. Bf3 g6 28. Be4 g4 29.
hxg4 h4 30. b5 g5 31. b6 1-0